 Dungeon Sprint DCSS version 0.19.0-24-gb05acd6 (webtiles) character file.

3791 igo the Zephyrmancer (level 9, -1/75 HPs)
             Began as a Yellow Draconian Air Elementalist on Nov 22, 2016.
             Was a High Priest of Sif Muna.
             Slain by an eight-headed hydra (13 damage)
             ... in the Dungeon (Sprint IX: "|||||||||||||||||||||||||||||").
             The game lasted 00:09:18 (1322 turns).

igo the Zephyrmancer (DrAE)                         Turns: 1322, Time: 00:09:19

Health: -1/75      AC:  9    Str: 13    XL:     9   Next: 95%
Magic:  8/23       EV: 14    Int: 19    God:    Sif Muna [*****.]
Gold:   0          SH:  0    Dex: 12    Spells: 4 memorised, 19 levels left

rFire  . . .     SeeInvis .     n - +0 lajatang
rCold  . . .     Gourm    .     (armour unavailable)
rNeg   . . .     Faith    .     (shield currently unavailable)
rPois  .         Spirit   .     (helmet restricted)
rElec  .         Reflect  .     (no cloak)
rCorr  +         Harm     .     (no gloves)
MR     .....     NoTele   +     (no boots)
Stlth  ++........               (no amulet)
                                r - +3 ring of strength
                                q - +2 ring of protection

@: repel missiles
A: spit acid, acid resistance, unfitting armour, cold-blooded, AC +7
a: Spit Acid, Divine Energy, Channel Magic, Forget Spell, Renounce Religion


You were in the Dungeon.
You worshipped Sif Muna.
Sif Muna was extremely pleased with you.
You were not hungry.

You visited 1 branch

Inventory:

Hand Weapons
 n - a +0 lajatang (weapon)
 w - a +0 mace
Armour
 o - a +0 pair of boots
 p - a +0 pair of gloves
Magical Staves
 m - an uncursed staff of energy
Jewellery
 q - a +2 ring of protection (left hand)
 r - a +3 ring of strength (right hand)
Wands
 l - a wand of acid (7/15)
Scrolls
 j - 3 scrolls of remove curse
 k - 2 scrolls of amnesia
 x - 4 scrolls of identify
 y - a scroll of recharging
Potions
 c - 5 potions of curing
 d - 3 potions of heal wounds
 e - a potion of magic
 g - a potion of berserk rage
 s - 3 potions of agility
 t - a potion of haste
 u - a potion of might
Books
 a - a book of Air

   Spells                             Type                      Level
   a - Shock                          Conjuration/Air              1
   b - Swiftness                      Charms/Air                   2
   c - Repel Missiles                 Charms/Air                   2
   d - Static Discharge               Conjuration/Air              3
   e - Lightning Bolt                 Conjuration/Air              5
 f - Sif Muna's Catalogue of Torrid Lightness
   (Sif Muna gifted it to you in the Dungeon)

   Spells                             Type                      Level
   a - Throw Flame                    Conjuration/Fire             2
   b - Airstrike                      Air                          4
   c - Sticky Flame                   Conjuration/Fire             4
   d - Fireball                       Conjuration/Fire             5
   e - Deflect Missiles               Charms/Air                   6
   f - Tornado                        Air                          9
 i - Sif Muna's Reference Book on Battle Magic
   (Sif Muna gifted it to you in the Dungeon)

   Spells                             Type                      Level
   a - Dazzling Spray                 Conjuration/Hexes            3
   b - Mephitic Cloud                 Conjuration/Poison/Air       3
   c - Iskenderun's Battlesphere      Conjuration/Charms           5
   d - Iron Shot                      Conjuration/Earth            6
   e - Fire Storm                     Conjuration/Fire             9
Comestibles
 v - a beef jerky


   Skills:
 + Level 6.1 Fighting
 + Level 5.5 Dodging
 - Level 1.8 Stealth
 - Level 10.9 Spellcasting
 - Level 11.6 Conjurations
 - Level 12.1 Air Magic
 * Level 8.9 Invocations


You had 19 spell levels left.
You knew the following spells:

 Your Spells              Type           Power        Failure   Level  Hunger
a - Shock                 Conj/Air       ####         1%          1    None
b - Swiftness             Chrm/Air       ####....     1%          2    None
c - Repel Missiles        Chrm/Air       ####..       1%          2    None
d - Lightning Bolt        Conj/Air       ######....   1%          5    ####...


Dungeon Overview and Level Annotations

Branches:
Dungeon (1/1)

Altars:
Cheibriados
Dithmenos
Elyvilon
Fedhas
Gozag
Hepliaklqana
Kikubaaqudgha
Makhleb
Nemelex Xobeh
Okawaru
Qazlal
Ru
Sif Muna
Trog
Uskayaw
Vehumet
Xom
Yredelemnul
Zin
The Shining One
Beogh
Jiyva
Lugonu


Innate Abilities, Weirdness & Mutations

You can spit globs of acid.
You are resistant to acid.
Your golden yellow scales are hard. (AC +7)
You cannot fit into any form of body armour.
You are cold-blooded and may be slowed by cold attacks.


Message History

The eight-headed hydra bites you.
* * * LOW HITPOINT WARNING * * *
The eight-headed hydra closely misses you.
Casting: Lightning Bolt
Confirm with . or Enter, or press ? or * to list all spells.
Aiming: Lightning Bolt
Press: ? - help, Shift-Dir - straight line, f/p - death yak
Aim: a death yak (heavily wounded)
You hear a mighty clap of thunder!
The bolt of lightning hits the eight-headed hydra.
The eight-headed hydra is heavily wounded.
The bolt of lightning hits the death yak.
The death yak is severely wounded.
The bolt of lightning hits the komodo dragon.
The komodo dragon is moderately wounded.
You hear an angry hiss.
The eight-headed hydra barely misses you.
The eight-headed hydra completely misses you.
The eight-headed hydra bites you!
You die...

▓_▓.▓.▓
▓_▓.▓r▓
▓_▓.▓.▓
▓_▓.▓l▓
▓_▓.▓.▓
▓_▓.▓Y▓
▓_▓.▓.▓
▓_▓.▓D▓
▓_▓.▓@▓
▓_▓.▓.▓
▓_▓.▓.▓
▓_▓.▓.▓
▓'▓.▓.▓
▓.▓.▓.▓
▓.▓.▓(▓
▓.▓.▓.▓
▓.▓.▓.▓


You could see a death yak, an eight-headed hydra, a komodo dragon and a
porcupine.

Vanquished Creatures
  A centaur warrior (D)
  A hydra (D)
  A hill giant (D)
  A manticore (D)
  A yak (D)
  A wyvern (D)
  A basilisk (D)
  3 water moccasins (D)
  A soldier ant (D)
  2 porcupines (D)
  A wolf (D)
  A centaur (D)
  A big kobold (D)
  2 bullfrogs (D)
  A killer bee (D)
  A jelly (D)
  An iguana (D)
  3 worker ants (D)
  An adder (D)
  An orc (D)
  A bat skeleton (D)
  A jackal (D)
  A goblin (D)
  3 kobolds (D)
  A rat (D)
33 creatures vanquished.

Notes
Turn   | Place    | Note
-------+----------+-------------------------------------------
     0 | D        | igo the Draconian Air Elementalist began the quest for the Orb.
     0 | D        | Reached XP level 1. HP: 14/14 MP: 3/3
    42 | D        | Noticed a worker ant
    42 | D        | Noticed a worker ant
    42 | D        | Noticed a jelly
    57 | D        | Reached skill level 4 in Air Magic
    57 | D        | Reached XP level 2. HP: 20/20 MP: 3/6
    60 | D        | Reached skill level 5 in Air Magic
    60 | D        | Reached XP level 3. HP: 15/26 MP: 0/8
    63 | D        | Reached XP level 4. HP: 20/33 MP: 7/10
    63 | D        | Reached skill level 6 in Air Magic
    81 | D        | Found a roughly hewn altar of Beogh.
    81 | D        | Found a snail-covered altar of Cheibriados.
    81 | D        | Found a shadowy altar of Dithmenos.
    81 | D        | Found a white marble altar of Elyvilon.
    81 | D        | Found a blossoming altar of Fedhas.
    81 | D        | Found an opulent altar of Gozag.
    82 | D        | Found a hazy altar of Hepliaklqana.
    83 | D        | Found a viscous altar of Jiyva.
    84 | D        | Found an ancient bone altar of Kikubaaqudgha.
    85 | D        | Found a corrupted altar of Lugonu.
    86 | D        | Found a burning altar of Makhleb.
    87 | D        | Found a sparkling altar of Nemelex Xobeh.
    88 | D        | Found an iron altar of Okawaru.
    89 | D        | Found a stormy altar of Qazlal.
    90 | D        | Found a sacrificial altar of Ru.
    91 | D        | Found a deep blue altar of Sif Muna.
    92 | D        | Found a bloodstained altar of Trog.
    93 | D        | Found a hide-covered altar of Uskayaw.
    94 | D        | Found a radiant altar of Vehumet.
    95 | D        | Found a shimmering altar of Xom.
    96 | D        | Found a basalt altar of Yredelemnul.
    97 | D        | Found a glowing silver altar of Zin.
    98 | D        | Found a glowing golden altar of the Shining One.
    99 | D        | Became a worshipper of Sif Muna the Loreminder
   133 | D        | Learned a level 2 spell: Swiftness
   136 | D        | Learned a level 2 spell: Repel Missiles
   185 | D        | Noticed a centaur
   185 | D        | Noticed a big kobold
   195 | D        | Reached skill level 5 in Spellcasting
   195 | D        | Reached skill level 5 in Conjurations
   195 | D        | Reached XP level 5. HP: 20/38 MP: 4/13
   195 | D        | Reached * piety under Sif Muna
   195 | D        | Reached skill level 7 in Air Magic
   195 | D        | Killed a centaur
   195 | D        | Reached ** piety under Sif Muna
   195 | D        | Reached skill level 8 in Air Magic
   195 | D        | Reached XP level 6. HP: 24/45 MP: 4/15
   206 | D        | Learned a level 5 spell: Lightning Bolt
   397 | D        | Noticed a manticore
   397 | D        | Noticed a hill giant
   397 | D        | Noticed a centaur warrior
   397 | D        | Noticed a soldier ant
   398 | D        | Reached *** piety under Sif Muna
   402 | D        | Killed a soldier ant
   402 | D        | Reached skill level 9 in Air Magic
   402 | D        | Killed a centaur warrior
   402 | D        | Reached **** piety under Sif Muna
   402 | D        | Reached ***** piety under Sif Muna
   402 | D        | Reached skill level 10 in Conjurations
   402 | D        | Reached skill level 10 in Air Magic
   402 | D        | Your scales start taking on a golden yellow colour.
   402 | D        | Reached XP level 7. HP: 42/50 MP: 12/20
   402 | D        | Reached XP level 8. HP: 47/57 MP: 12/21
   402 | D        | Killed a hill giant
   402 | D        | Identified Sif Muna's Catalogue of Torrid Lightness (Sif Muna gifted it to you in the Dungeon)
   402 | D        | Received a gift from Sif Muna
   402 | D        | Reached skill level 10 in Spellcasting
   402 | D        | Reached skill level 11 in Air Magic
   402 | D        | Killed a manticore
   402 | D        | Reached skill level 12 in Air Magic
   402 | D        | Reached XP level 9. HP: 52/62 MP: 12/23
   532 | D        | Reached skill level 1 in Fighting
   532 | D        | Identified Sif Muna's Reference Book on Battle Magic (Sif Muna gifted it to you in the Dungeon)
   532 | D        | Received a gift from Sif Muna
   534 | D        | Noticed an eight-headed hydra
   534 | D        | Reached skill level 5 in Invocations
   801 | D        | Killed an eight-headed hydra
   801 | D        | Reached skill level 5 in Fighting
   801 | D        | Reached skill level 5 in Dodging
  1053 | D        | Noticed a komodo dragon
  1053 | D        | Noticed a death yak
  1053 | D        | Noticed an eight-headed hydra
  1322 | D        | Slain by an eight-headed hydra

Skill      XL: |  1  2  3  4  5  6  7  8  9 |
---------------+----------------------------+-----
Spellcasting   | 3 4 5 6 9 10 | 10.9
Conjurations   | 2 3 4 5 7 10 11 | 11.6
Air Magic      | 4 5 6 8 10 12 | 12.1
Fighting       | 6 |  6.1
Dodging        | 5 |  5.5
Invocations    | 8 |  8.9
Stealth        | |  1.8

Action                   |  1- 3 |  4- 6 |  7- 9 || total
-------------------------+-------+-------+-------++-------
Melee: Unarmed           |     7 |       |       ||     7
       Tailslap          |     1 |       |       ||     1
 Cast: Shock             |     9 |    12 |     9 ||    30
       Repel Missiles    |       |     1 |       ||     1
       Lightning Bolt    |       |     3 |    19 ||    22
Invok: Channel Magic     |       |       |     2 ||     2
  Use: Potion            |     3 |     4 |       ||     7
       Scroll            |       |       |     3 ||     3
  Eat: Chunk             |       |       |     3 ||     3
       Bread ration      |       |       |     1 ||     1
Armor: Skin              |     4 |     1 |    21 ||    26
Dodge: Dodged            |     5 |    14 |    34 ||    53
